 Dungeon Crawl Stone Soup version 0.18.1-48-g4cf74bf (webtiles) character file.

2485 theElss the Destroyer (level 9, -3/55 HPs)
             Began as a High Elf Conjurer on July 13, 2016.
             Slain by a killer bee (8 damage)
             ... on level 7 of the Dungeon.
             The game lasted 00:25:50 (7319 turns).

theElss the Destroyer (High Elf Conjurer)           Turns: 7319, Time: 00:25:50

Health: -3/55      AC:  3    Str:  9    XL:     9   Next: 27%
Magic:  0/23       EV: 16    Int: 20    God:
Gold:   315        SH:  0    Dex: 20    Spells: 4 memorised, 14 levels left

rFire  . . .     SeeInvis .     f - -2 spear (curse)
rCold  . . .     Gourm    .     a - +0 robe
rNeg   . . .     Faith    .     (no shield)
rPois  .         Spirit   .     j - +1 hat
rElec  .         Dismiss  .     (no cloak)
rCorr  .         Reflect  .     (no gloves)
SustAt .         Harm     .     (no boots)
MR     .....                    (no amulet)
Stlth  ++........               (no ring)
                                e - +3 ring of dexterity

@: lethally poisoned (-3 -> -10), not resistant to hostile enchantments,
unstealthy
A: no striking features
a: no special abilities


You were on level 7 of the Dungeon.
You were not hungry.

You visited 1 branch of the dungeon, and saw 7 of its levels.

You collected 315 gold pieces.

Inventory:

Hand Weapons
 f - a cursed -2 spear (weapon)
Armour
 a - a +0 robe (worn)
 j - a +1 hat (worn)
Jewellery
 d - an uncursed amulet of faith
 e - a +3 ring of dexterity (left hand)
 p - an uncursed ring of fire
 u - an uncursed ring of sustain attributes {unknown}
Wands
 A - a wand of random effects (16/48)
Scrolls
 k - 2 scrolls of recharging {unknown}
 n - a scroll of teleportation {unknown}
 o - a scroll of enchant armour {unknown}
 q - 7 scrolls of identify {unknown}
 s - 6 scrolls of remove curse {unknown}
 v - a scroll of immolation {unknown}
 w - a scroll of enchant weapon {unknown}
 y - a scroll of fear {unknown}
Potions
 g - a potion of might {unknown}
 h - a potion of flight {unknown}
 i - a potion of brilliance {unknown}
 l - a potion of agility {unknown}
 m - a potion of curing
 z - a potion of magic {unknown}
 D - a potion of invisibility {unknown}
Books
 b - a book of Conjurations

   Spells                             Type                      Level
   a - Magic Dart                     Conjuration                  1
   b - Searing Ray                    Conjuration                  2
   c - Dazzling Spray                 Conjuration/Hexes            3
   d - Fulminant Prism                Conjuration/Hexes            4
   e - Iskenderun's Mystic Blast      Conjuration                  4
   f - Iskenderun's Battlesphere      Conjuration/Charms           5
 r - a book of Misfortune

   Spells                             Type                      Level
   a - Confusing Touch                Hexes                        2
   b - Confuse                        Hexes                        3
   c - Gell's Gravitas                Hexes/Translocation          3
   d - Petrify                        Transmutation/Earth          4
   e - Metabolic Englaciation         Hexes/Ice                    5
   f - Yara's Violent Unravelling     Hexes/Transmutation          5
 x - a book of the Sky

   Spells                             Type                      Level
   a - Summon Lightning Spire         Summoning/Air                4
   b - Airstrike                      Air                          4
   c - Silence                        Hexes/Air                    5
   d - Deflect Missiles               Charms/Air                   6
   e - Conjure Ball Lightning         Conjuration/Air              6
   f - Tornado                        Air                          9
Comestibles
 c - 5 bread rations
 B - 6 beef jerkies


   Skills:
 + Level 2.3 Fighting
 + Level 5.2 Dodging
 - Level 2.1 Stealth
 + Level 9.4 Spellcasting
 + Level 9.7 Conjurations


You had 14 spell levels left.
You knew the following spells:

 Your Spells              Type           Power        Failure   Level  Hunger
a - Magic Dart            Conj           ####         1%          1    None
b - Iskenderun's Battles  Conj/Chrm      ####....     30%         5    #####..
c - Searing Ray           Conj           #####.       1%          2    None
d - Iskenderun's Mystic   Conj           #####...     1%          4    ###....


Dungeon Overview and Level Annotations

Branches:
Dungeon (7/15)
 Temple: D:4-7

Altars:
Ashenzari
Cheibriados
Dithmenos
Elyvilon
Makhleb
Okawaru
Pakellas
Qazlal
Ru
Sif Muna
Trog
Xom
Zin
The Shining One

Annotations:
D:6 Britaniac's ghost, novice GrFi; Eustachio; Sigmund
D:7 Dowan


Message History

* * * LOW HITPOINT WARNING * * *
You are poisoned.
The killer bee poisons you! The killer bee closely misses you.
Casting: Magic Dart
Confirm with . or Enter, or press ? or * to list all spells.
Aiming: Magic Dart
Press: ? - help, Shift-Dir - straight line, f/p - killer bee
Aim: a killer bee (almost dead)
The magic dart hits the killer bee.
The killer bee is almost dead.
You feel sick. The killer bee stings you.
* * * LOW HITPOINT WARNING * * *
You are lethally poisoned!
The killer bee poisons you! The killer bee closely misses you.
Unknown command.
You closely miss the killer bee.
The killer bee is almost dead.
* * * LOW HITPOINT WARNING * * *
You feel sick. The killer bee stings you!
You die...

...# #.#.#.#..# ..>#
#........# .#.#
#.#.#.#..#
.#.#########........#
.#...........#.#.#..#
###########.........#
######.#..# #...##
#@### #y# #.# #.# #.#
#†# #.# #.# #yy.....#


You could see a killer bee.

Vanquished Creatures
  An unseen horror (D:7)
  A sky beast (D:5)
  2 ice beasts
  An orc warrior (D:7)
  3 ogres
  10 killer bees (D:7)
  A howler monkey (D:5)
  3 hounds
  2 orc wizards
  2 quasits
  2 centaur skeletons (D:5)
  An orc priest (D:5)
  2 jellies (D:3)
  Jessica (D:2)
  4 iguanas
  4 worker ants
  3 hound skeletons
  3 gnolls (D:4)
  10 adders
  3 shadow imps
  2 oozes
  An adder skeleton (D:4)
  2 worms (D:2)
  A dart slug (D:1)
  5 giant geckos
  16 orcs
  A ball python (D:5)
  8 bats
  4 giant cockroaches
  3 goblins (D:2)
  3 hobgoblins
  5 jackals
  2 quokkas
  A sheep (D:3)
  5 giant newts
  6 kobolds
  7 rats
131 creatures vanquished.

Notes
Turn   | Place    | Note
--------------------------------------------------------------
     0 | D:1      | theElss the High Elf Conjurer began the quest for the Orb.
     0 | D:1      | Reached XP level 1. HP: 11/11 MP: 4/4
   820 | D:1      | Reached XP level 2. HP: 7/17 MP: 0/6
  1083 | D:2      | Learned a level 2 spell: Searing Ray
  1144 | D:2      | Reached skill level 5 in Conjurations
  1421 | D:2      | Reached XP level 3. HP: 21/21 MP: 5/8
  1757 | D:2      | Found a deep blue altar of Sif Muna.
  1760 | D:2      | Noticed Jessica
  1762 | D:2      | Killed Jessica
  1762 | D:2      | Reached XP level 4. HP: 27/27 MP: 6/9
  2060 | D:3      | Found a glowing silver altar of Zin.
  2519 | D:3      | Reached XP level 5. HP: 31/31 MP: 7/12
  2610 | D:3      | Found a shimmering altar of Xom.
  2794 | D:4      | Learned a level 4 spell: Iskenderun's Mystic Blast
  2817 | D:4      | Learned a level 5 spell: Iskenderun's Battlesphere
  3050 | D:4      | Found an iron altar of Okawaru.
  3084 | D:4      | Reached XP level 6. HP: 7/36 MP: 4/14
  3341 | D:4      | Reached skill level 5 in Spellcasting
  3592 | D:4      | Found a shattered altar of Ashenzari.
  3676 | D:5      | Entered Level 5 of the Dungeon
  3676 | D:5      | Noticed a sky beast
  4100 | D:5      | Reached XP level 7. HP: 41/41 MP: 13/16
  4294 | D:5      | Found a stormy altar of Qazlal.
  4294 | D:5      | Found a snail-covered altar of Cheibriados.
  4295 | D:5      | Found a shimmering altar of Xom.
  4312 | D:5      | Found a sacrificial altar of Ru.
  4587 | D:5      | Found a bloodstained altar of Trog.
  4931 | D:5      | Found a shadowy altar of Dithmenos.
  5165 | D:5      | Reached XP level 8. HP: 47/47 MP: 8/19
  5413 | D:4      | Found a white marble altar of Elyvilon.
  5492 | D:6      | Found a burning altar of Makhleb.
  5497 | D:6      | Found an oddly glowing altar of Pakellas.
  5502 | D:6      | Found a glowing golden altar of the Shining One.
  5533 | D:6      | Noticed Britaniac's ghost (novice GrFi)
  5884 | D:6      | Noticed Sigmund
  5888 | D:6      | Noticed Eustachio
  5928 | D:7      | HP: 1/47 [something (3)]
  5929 | D:7      | Killed an unseen horror
  5929 | D:7      | Reached skill level 1 in Fighting
  6316 | D:7      | Noticed Dowan
  6703 | D:7      | Reached XP level 9. HP: 36/54 MP: 11/22
  7155 | D:7      | Reached skill level 5 in Dodging
  7319 | D:7      | Slain by a killer bee

Skill      XL: |  1  2  3  4  5  6  7  8  9 |
---------------+----------------------------+-----
Conjurations   | 5 6 7 8 9 |  9.7
Spellcasting   | 3 4 5 7 8 9 |  9.4
Dodging        | 3 4 5 |  5.2
Fighting       | 1 2 |  2.3
Stealth        | |  2.1

Action                   |  1- 3 |  4- 6 |  7- 9 || total
-------------------------+-------+-------+-------++-------
Melee: Spear             |    11 |       |    18 ||    29
 Cast: Magic Dart        |    54 |    82 |   102 ||   238
       Searing Ray       |     3 |    16 |    35 ||    54
       Iskenderun's Myst |       |       |    13 ||    13
  Use: Potion            |       |       |     4 ||     4
 Stab: Sleeping          |     1 |       |       ||     1
  Eat: Chunk             |     3 |     7 |    11 ||    21
Armor: Robe              |     1 |       |     8 ||     9
Dodge: Dodged            |    16 |     9 |   105 ||   130
